[Event "*** Titled Tuesday Blitz"]
[Site "Chess.com"]
[Date "2019.02.05"]
[Round "10"]
[White "kintoho"]
[Black "David_Klein"]
[Result "0-1"]
[WhiteElo "2489"]
[BlackElo "2605"]
[TimeControl "180+2"]
[EndTime "15:28:54 PST"]
[Termination "David_Klein won by resignation"]

1. e4 a6 2. d4 g6 3. h4 h6 4. h5 g5 5. f4 gxf4 6. Bxf4 d5 7.
exd5 Nf6 8. Nc3 Nxd5 9. Be5 Rg8 10. Nf3 Nc6 11. Bc4 Be6 12. Qe2 Nxc3 13. bxc3 Bxc4 14.
Qxc4 Rxg2 15. O-O-O Qd7 16. d5 Nxe5 17. Nxe5 Qf5 18. Nd3 O-O-O 19. Rhf1 Qxd5 20. Qxd5 Rxd5 21. Rxf7 Bg7 22. Nf4 Rxd1+ 23. Kxd1 Rg1+ 24. Kd2 Bf6 25. Nd5 Rg5 26. Nxe7+ Bxe7 27. Rxe7 Rxh5 28. c4 b6 29. a4 Kb7 30. Kc3 Kc6 31. Kb2 Rh4 32. Kb3 Rh3+ 33.
c3 Rd3 34. Rh7 Rd6 35. Kb4 a5+ 36. Kb3 Kb7 37. c5 bxc5 38. Kc4 Kb6 39. Rh8 Rg6 40. Rb8+ Kc6 41. Ra8 Rg4+ 42. Kb3 Rg5 43. Ra6+ Kb7 44. Rxh6 Rg4 45. Rf6 c4+ 46. Kb2 Rg2+ 47. Ka3 Rc2 48.
Rb6+ Kc8 49. Rb8+ Kd7 50. Rd8+ Ke6 51. Rd6+ Ke5 52. Rd5+ Ke4 53. Rd4+ Ke3 54. Rxc4 Kd3 55. Kb3 Rb2+ 56. Kxb2 Kxc4 57. Kc2 c5 58. Kd2 Kb3 59. Kd3 Kxa4 60. Kc4 Ka3 61. Kxc5 a4 62. Kb5 Kb3 63. c4 a3 64. c5 a2 65. c6 a1=Q 66. Kb6 Qa8 67.
Kc7 Kc4 68. Kd7 Kd5 69. c7 Qb7 70. Kd8 Qb6 71. Kc8 Kd6 72. Kd8 Qxc7+ 0-1

[Event "*** Titled Tuesday Blitz"]
[Site "Chess.com"]
[Date "2019.02.05"]
[Round "10"]
[White "VeraNebolsina"]
[Black "Kostya_Nikologorskiy"]
[Result "0-1"]
[WhiteElo "2376"]
[BlackElo "2441"]
[TimeControl "180+2"]
[EndTime "15:28:55 PST"]
[Termination "Kostya_Nikologorskiy won by resignation"]

1. e4 c6 2. d4 d5 3. exd5 cxd5 4.
Bd3 Nf6 5. c3 g6 6. Bf4 Nc6 7.
Nd2 Bg7 8. h3 O-O 9. Ngf3 Bf5 10.
Bxf5 gxf5 11. Ne5 Ne4 12. g4 Nxe5 13. Bxe5 f6 14. Bh2 Bh6 15. Nxe4 fxe4 16. f4 a5 17. a4 Kh8 18. O-O Qb6 19. Qe2 f5 20. g5 Bg7 21.
Kh1 Qa6 22. Qc2 b5 23. Qb3 Rab8 24. Qxd5 bxa4 25. Rf2 Qd3 26. Rg2 Rb5 27. Qe6 Rfb8 28. Qxe7 a3 29. Qxa3 Qxh3 30. Qe7 Qf3 31. Kg1 R5b7 32.
Qe6 a4 33. Qxf5 a3 34. Rxa3 Qd1+ 35. Kf2 Rxb2+ 36. Kg3 Qf3+ 37. Kh4 Rxg2 38. Qh3 h6 39. Qxf3 exf3 40. Bg3 hxg5+ 41. fxg5 Rb1 42. g6 Bf6+ 43. Kg4 f2 44. Ra8+ Kg7 45. Kh5 Rh1+ 46. Kg4 f1=Q 0-1

[Event "*** Titled Tuesday Blitz"]
[Site "Chess.com"]
[Date "2019.02.05"]
[Round "10"]
[White "nochewycandy"]
[Black "Jospem"]
[Result "1/2-1/2"]
[WhiteElo "2359"]
[BlackElo "2859"]
[TimeControl "180+2"]
[EndTime "15:28:59 PST"]
[Termination "Game drawn by repetition"]

1. e4 e5 2. Nc3 Nc6 3. Bc4 Bc5 4.
Qg4 g6 5. Qf3 Nf6 6. Nge2 d6 7.
h3 Be6 8. d3 h6 9. a3 a6 10. Be3 Bxc4 11. dxc4 Bxe3 12. Qxe3 Kf8 13. O-O Kg7 14. Nd5 Nxd5 15. cxd5 Nb8 16. f4 Nd7 17. f5 Qg5 18. Qc3 Rac8 19. Rf3 Nf6 20. Qd3 Qh4 21. fxg6 fxg6 22. Raf1 Rhf8 23. Ng3 Qg5 24. c4 h5 25. Kh2 h4 26. Ne2 Rf7 27. g4 Rcf8 28. Ng1 Qh6 29. Qe2 a5 30. b4 axb4 31.
axb4 b6 32. Qg2 Qg5 33. Qf2 Kg8 34. Qe2 Ra8 35. R1f2 Ra1 36. Qc2 Kg7 37. Ne2 Nxg4+ 38. hxg4 Rxf3 39. Rxf3 Qxg4 40. Qd3 Ra2 41. Qe3 h3 42.
Rf2 Rb2 43. Qxh3 Qxe4 44. Qd7+ Kh6 45. Qh3+ Kg7 46. Qd7+ Kh6 47. Qh3+ Kg5 48. Rg2+ Kf6 49. Qe6+ Kg7 50. Qe7+ Kg8 51. Qe8+ Kg7 52. Qe7+ Kh6 53.
Qf8+ Kh7 54. Qf7+ Kh6 55. Qf8+ Kh7 56. Qf7+ Kh6 57. Qf8+ Kh7 58. Qf7+ 1/2-1/2

[Event "*** Titled Tuesday Blitz"]
[Site "Chess.com"]
[Date "2019.02.05"]
[Round "10"]
[White "IakovUlivar"]
[Black "Gabrielian_Artur"]
[Result "1-0"]
[WhiteElo "2530"]
[BlackElo "2709"]
[TimeControl "180+2"]
[EndTime "15:29:10 PST"]
[Termination "IakovUlivar won on time"]

1. e4 c5 2. Nf3 d6 3. Bb5+ Nc6 4.
O-O Bd7 5. Re1 Nf6 6. c3 a6 7. Bf1 Bg4 8. d4 Bxf3 9. gxf3 cxd4 10. cxd4 d5 11. Nc3 e6 12. Bg5 Be7 13. Bxf6 Bxf6 14.
exd5 Nxd4 15. dxe6 Nxe6 16. Bh3 O-O 17. Bxe6 fxe6 18.
Qxd8 Raxd8 19. Ne4 Be7 20. Kg2 Rd3 21. Re3 Rxe3 22.
fxe3 Rc8 23. Rd1 Kf7 24. Rd7 Rc2+ 25. Rd2 Rc7 26. f4 b5 27. Kf3 b4 28. b3 a5 29.
h3 h6 30. Kg4 g6 31. Kf3 g5 32. fxg5 hxg5 33. Rg2 a4 34. bxa4 Ra7 35. Nxg5+ Bxg5 36. Rxg5 Rxa4 37. Rb5 Ke7 38. h4 Kd6 39. h5 Kc6 40.
Rb8 Rxa2 41. Rxb4 Rh2 42. Kg4 Kd5 43. Kg5 Rh3 44. h6 e5 45. Rh4 Rg3+ 46. Kf6 Rf3+ 47.
Ke7 1-0

[Event "*** Titled Tuesday Blitz"]
[Site "Chess.com"]
[Date "2019.02.05"]
[Round "10"]
[White "AliKa2810"]
[Black "volcanoexplorer"]
[Result "1-0"]
[WhiteElo "2479"]
[BlackElo "2359"]
[TimeControl "180+2"]
[EndTime "15:29:15 PST"]
[Termination "AliKa2810 won by resignation"]

1. e4 e5 2. Nf3 Nc6 3. d4 exd4 4. Nxd4 Bc5 5. Nb3 Bb6 6. Nc3 Nge7 7. Qe2 d6 8. Be3 O-O 9. O-O-O Be6 10. f4 Bg4 11. Qxg4 Bxe3+ 12. Kb1 f5 13. exf5 Nxf5 14. Bd3 Nce7 15.
Rhe1 c6 16. Ne4 h6 17. Ng3 Bf2 18. Bxf5 Bxe1 19. Be6+ Kh8 20. Rxe1 Nd5 21. Bxd5 cxd5 22. Nd4 Qf6 23. Ne6 Rae8 24. Nh5 Qe7 25. Nhxg7 Rg8 26.
Rd1 Rxg7 27. Nxg7 Qxg7 28. Qh5 Rf8 29. g3 d4 30. a3 Rc8 31. Qd5 Re8 32. Qxd4 Qxd4 33.
Rxd4 Re1+ 34. Ka2 Re2 35. Rxd6 Rxh2 36. Rd7 Rxc2 37. Rxb7 a5 38. Rb5 Rg2 39. Rxa5 Rxg3 40. a4 Kg7 41. Rh5 Rf3 42. f5 Kf7 43. a5 Ke7 44. b3 Kd7 45. Ka3 Kc7 46. Ka4 Kb7 47. b4 Rf4 48. Rxh6 Rxf5 49. Rh7+ Kb8 50. a6 Rf1 51. Ka5 Rf5+ 52. b5 Rf1 53. Rh8+ Kc7 54. b6+ Kc6 55. Rc8+ Kd7 56. b7 Ra1+ 57. Kb4 Rb1+ 58.
Ka3 Rc1 59. Rxc1 1-0

[Event "*** Titled Tuesday Blitz"]
[Site "Chess.com"]
[Date "2019.02.05"]
[Round "10"]
[White "ShadyH9"]
[Black "MartinMatthiesen"]
[Result "1-0"]
[WhiteElo "2317"]
[BlackElo "2476"]
[TimeControl "180+2"]
[EndTime "15:29:26 PST"]
[Termination "ShadyH9 won by resignation"]

1. d4 Nf6 2. c4 g6 3. Nc3 Bg7 4. e4 O-O 5. Nf3 d6 6. Be2 e5 7.
O-O Nc6 8. d5 Ne7 9. b4 Nh5 10.
g3 f5 11. Ng5 Nf6 12. Bf3 c6 13. b5 h6 14. Ne6 Bxe6 15. dxe6 Rc8 16. bxc6 bxc6 17.
Ba3 c5 18. Qa4 Nc6 19. exf5 e4 20. Nxe4 Nxe4 21. Bxe4 Bxa1 22. Rxa1 Nd4 23. Qxa7 Qf6 24. Re1 Kh8 25. Bb2 gxf5 26. Bxd4 cxd4 27. Bd5 f4 28. e7 Rfe8 29. Rd1 Rxe7 30. Qxd4 Qxd4 31. Rxd4 fxg3 32. hxg3 Re1+ 33. Kg2 Re2 34. Rf4 Rxa2 35. Rf6 Kg7 36. Rxd6 Rf8 37. Rd7+ Kh8 38. Rf7 Rxf7 39. Bxf7 Kg7 40.
Bd5 Rc2 41. Kf3 Kf6 42. Ke3 Ke5 43. f4+ Kf5 44. Kd4 Kg4 45. Ke5 Kxg3 46. f5 h5 47. f6 Rf2 48. f7 h4 49. Ke6 h3 50.
Ke7 Re2+ 51. Kd7 Rf2 52. Ke8 Re2+ 53. Kd7 Rf2 54. Ke7 Re2+ 55. Kf6 Rf2+ 56. Kg7 1-0

[Event "*** Titled Tuesday Blitz"]
[Site "Chess.com"]
[Date "2019.02.05"]
[Round "10"]
[White "TST2014"]
[Black "goodluck06"]
[Result "0-1"]
[WhiteElo "2511"]
[BlackElo "2480"]
[TimeControl "180+2"]
[EndTime "15:29:36 PST"]
[Termination "goodluck06 won on time"]

1. d4 Nf6 2. c4 g6 3. Nc3 Bg7 4. e4 O-O 5. Nf3 d6 6. Be2 Nbd7 7. O-O e5 8. Be3 c6 9. d5 c5 10.
Ne1 h6 11. Nd3 Nh7 12. a3 f5 13. exf5 gxf5 14. f4 b6 15. Kh1 Nhf6 16. b4 e4 17. Nf2 h5 18. Rc1 Ng4 19. Nxg4 hxg4 20. Nxe4 fxe4 21.
Bxg4 Nf6 22. Be6+ Bxe6 23. dxe6 Qe7 24. f5 Rad8 25. g4 d5 26. g5 d4 27. Bf4 e3 28.
Rg1 Ne4 29. f6 Qxe6 30. Qh5 Nf2+ 31. Kg2 Qe4+ 32. Kg3 d3 33. bxc5 Rd4 34. Qf3 Qxf3+ 35. Kxf3 d2 36. Bxe3 dxc1=Q 37. Rxc1 Nd3 38. Rd1 Rdd8 39. Ke2 Nxc5 40. fxg7 Rfe8 41. Rf1 Kxg7 42. Kf2 Rf8+ 43.
Ke2 Rxf1 44. Kxf1 Rd3 45. Ke2 Rxa3 46. Bd4+ Kg6 47. h4 Rh3 48. Bf2 Rh2 49. Kf3 a5 50. Bg3 Rc2 51. Kg4 Rxc4+ 52. Bf4 Ne6 53. h5+ Kf7 54.
g6+ Kg8 55. Kf5 Nxf4 56. h6 Nxg6 0-1

[Event "*** Titled Tuesday Blitz"]
[Site "Chess.com"]
[Date "2019.02.05"]
[Round "10"]
[White "CaptainCasanova"]
[Black "Polish_fighter3000"]
[Result "1/2-1/2"]
[WhiteElo "2801"]
[BlackElo "3004"]
[TimeControl "180+2"]
[EndTime "15:29:37 PST"]
[Termination "Game drawn by agreement"]

1. d4 Nf6 2. Nf3 d5 3. c4 c6 4. Nc3 e6 5. e3 Nbd7 6. Bd3 dxc4 7. Bxc4 b5 8. Bd3 Bb7 9. O-O b4 10. Na4 c5 11. dxc5 Bxc5 12. Nxc5 Nxc5 13. Bb5+ Ke7 14. Qe2 Qb6 15. Bc4 Rhd8 16. b3 Nce4 17. Bb2 Nc3 18. Qe1 Nfe4 19. Nd4 e5 20. Nf3 f6 21. a3 a5 22. axb4 axb4 23. Rxa8 Bxa8 24. Qa1 Bb7 25. Re1 g5 26. h3 Kf8 27. Qc1 Kg7 28. Qc2 h5 29. Bxc3 Nxc3 30. e4 Qc6 31. Nd2 Rd4 32.
f3 Qc5 33. Kh1 g4 34. hxg4 hxg4 35. Nf1 Rd8 36. Ne3 Rh8+ 37. Kg1 g3 38. Qd2 Bc6 39.
Ra1 Kg6 40. Qe1 Rh5 41. Qxg3+ Rg5 42. Qf2 Qd4 43. Nf5 Qxf2+ 44. Kxf2 Bxe4 45. Ne7+ Kg7 46. fxe4 Nxe4+ 47. Kg1 Nd2 48. Nd5 f5 49. Nxb4 f4 50.
Kf2 e4 51. Nd5 e3+ 52. Nxe3 fxe3+ 53. Kxe3 Nxb3 54. Ra7+ Kh8 55. Bxb3 Rg3+ 56. Kf4 Rxb3 57. g4 Rb6 58. g5 Kg8 59. Kf5 Rc6 1/2-1/2

[Event "*** Titled Tuesday Blitz"]
[Site "Chess.com"]
[Date "2019.02.05"]
[Round "10"]
[White "Shukh_Nikolay"]
[Black "Alex_Terzi"]
[Result "1-0"]
[WhiteElo "2432"]
[BlackElo "2464"]
[TimeControl "180+2"]
[EndTime "15:29:42 PST"]
[Termination "Shukh_Nikolay won on time"]

1. Nf3 Nf6 2. c4 g6 3. b3 Bg7 4.
Bb2 O-O 5. e3 c5 6. Be2 d5 7.
cxd5 Nxd5 8. Bxg7 Kxg7 9. Qc1 b6 10. Nc3 Bb7 11. d4 cxd4 12. Nxd4 e5 13. Nf3 f6 14.
O-O Nxc3 15. Qxc3 Nc6 16. Rfd1 Qe7 17. Bb5 Rac8 18. Qd2 Rfd8 19. Qe2 Nb4 20. a3 Nd5 21. Qb2 Nc3 22. Rxd8 Qxd8 23. Bf1 Ne4 24. b4 Rc7 25. Rc1 Qc8 26. Rxc7+ Qxc7 27. a4 g5 28. h3 h5 29.
Nd2 h4 30. Nxe4 Bxe4 31. Qd2 Qc6 32. a5 Qd5 33. Qc1 Qc6 34. Qa1 bxa5 35. bxa5 Qc5 36.
Qa4 Bc6 37. Qa1 Qd5 38. Qc3 Kh6 39. Qb4 Kg7 40. Qe7+ Qf7 41. Qc5 Qb7 42. f4 exf4 43.
exf4 gxf4 44. Qf2 Qc7 45. Qxh4 Qxa5 46. Qxf4 Qc5+ 47. Kh1 a5 48. Bd3 Qe5 49. Qg4+ Qg5 50. Qe2 Qe5 51. Qf2 Qa1+ 52. Kh2 Qe5+ 53. Kg1 Qa1+ 54.
Bf1 Qe5 55. h4 a4 56. Qa7+ Kh6 57. Qb6 Qd5 58. Qe3+ Kh5 59. Qf4 1-0

[Event "*** Titled Tuesday Blitz"]
[Site "Chess.com"]
[Date "2019.02.05"]
[Round "10"]
[White "MatthewG-p4p"]
[Black "rasmussvane"]
[Result "0-1"]
[WhiteElo "2684"]
[BlackElo "2766"]
[TimeControl "180+2"]
[EndTime "15:29:52 PST"]
[Termination "rasmussvane won by resignation"]

1. c4 e6 2. Nf3 d5 3. g3 dxc4 4. Qa4+ Bd7 5. Qxc4 c5 6. Bg2 Bc6 7. O-O Nf6 8. Nc3 Be7 9. d3 O-O 10. Bd2 Nbd7 11. Rac1 Rc8 12. Qb3 b6 13. Rfd1 Qc7 14. d4 Qb7 15. dxc5 Bxc5 16. Nh4 Bxg2 17. Nxg2 Rfd8 18.
Be3 h6 19. Nb5 a6 20. Nd6 Bxd6 21. Rxc8 Rxc8 22. Rxd6 Nd5 23. Nf4 Qc7 24. Rxd5 exd5 25. Nxd5 Qd6 26. Qd3 b5 27. Bf4 Qe6 28. Nc7 Nc5 29.
Qd4 Qc6 30. Nd5 Re8 31. Nb4 Qc8 32. e3 Ne6 33. Qe5 Nxf4 34. Qxf4 Qc1+ 35. Kg2 Qxb2 36. h4 a5 37. Nd5 Qxa2 38. Nc7 Rc8 39. Qd6 Qc4 40. Nd5 Kh7 41. Kh2 Qc2 42. Qf4 f6 43. e4 Re8 44. Qf5+ Kg8 45. Nxf6+ Kf7 46. Nd5+ Kg8 47. Nf6+ Kf7 48. Nd5+ Kg8 49. Nf6+ Kf8 50. Nd5+ Kg8 51. Nf6+ Kf7 52. Nxe8+ Kxe8 53. Qxb5+ Ke7 54. Qe5+ Kf8 55. Qxa5 Qxf2+ 56. Kh3 Qf1+ 57. Kg4 Qe2+ 58. Kf4 Qf2+ 59. Kg4 Qe2+ 60. Kf4 Qf2+ 61. Kg4 Qe2+ 62.
Kf4 Qd2+ 63. Kg4 Qxa5 0-1

[Event "*** Titled Tuesday Blitz"]
[Site "Chess.com"]
[Date "2019.02.05"]
[Round "10"]
[White "AlexTriapishko"]
[Black "hurricane7791"]
[Result "1/2-1/2"]
[WhiteElo "2772"]
[BlackElo "2690"]
[TimeControl "180+2"]
[EndTime "15:30:03 PST"]
[Termination "Game drawn by agreement"]

1. c4 c5 2. Nc3 Nc6 3. g3 g6 4. Bg2 Bg7 5. Nf3 e6 6. O-O Nge7 7. d4 cxd4 8. Nb5 d5 9. cxd5 Nxd5 10. Nbxd4 Nxd4 11.
Nxd4 O-O 12. e4 Nb4 13. Be3 e5 14. Nb5 Qa5 15. Qe2 Nc6 16. Rfd1 Be6 17. a3 Rfd8 18. b4 Qa6 19. Bf1 Qa4 20. Nc7 Rac8 21. Nxe6 fxe6 22. Rxd8+ Rxd8 23. Qc4 Re8 24. b5 Qxc4 25. Bxc4 Nd4 26. Bxd4 exd4 27. Re1 Kf7 28. e5 Rc8 29. Bf1 Rc5 30. f4 Rc3 31. a4 Bf8 32. Rd1 Bc5 33. Kg2 Ra3 34. Bd3 Rxa4 35. Kf3 Ra2 36. h4 Ra3 37. g4 Be7 38. Ke4 Bc5 39. h5 Ra2 40.
hxg6+ hxg6 41. Rh1 Kg7 42. f5 gxf5+ 43. gxf5 exf5+ 44. Kd5 Bb4 45. Bxf5 b6 46. Rh7+ Kf8 47. Rd7 d3 48.
Bxd3 Rd2 49. Kc4 Bc5 50. e6 Rd1 51. Rxa7 Re1 52. Kd5 Rd1 53. Rf7+ Ke8 54. Rf3 Ke7 55. Rf7+ Ke8 56. Kc4 Rc1+ 57. Kb3 Re1 58. Bf5 Re5 59. Kc4 Bg1 60. Kd3 Bc5 61. Bg4 Re3+ 62. Kd2 Kd8 63. Rd7+ Ke8 64. Bh5+ Kf8 65. Rf7+ Kg8 66. Bg4 Kh8 67. Rf5 Re4 68. Rh5+ Kg7 69. Bh3 Kf6 70. Kd3 Rd4+ 71. Kc3 Re4 72. Rh7 Kg6 73. Rh8 Kg7 74. Rh5 Kg6 75. Bf5+ Kxh5 76.
Bxe4 Kg5 77. Kc4 Kf6 78. Kd5 Ke7 79. Bf5 Bg1 1/2-1/2

[Event "*** Titled Tuesday Blitz"]
[Site "Chess.com"]
[Date "2019.02.05"]
[Round "10"]
[White "Zq1"]
[Black "staz_staz"]
[Result "1-0"]
[WhiteElo "2510"]
[BlackElo "2355"]
[TimeControl "180+2"]
[EndTime "15:30:07 PST"]
[Termination "Zq1 won on time"]

1. d4 d5 2. c4 dxc4 3. e3 Nf6 4. Bxc4 a6 5. Nf3 b5 6. Be2 Bb7 7. a4 b4 8. O-O e6 9. Nbd2 Be7 10. Nb3 Nbd7 11.
Qc2 O-O 12. Na5 Be4 13. Bd3 Bxf3 14. gxf3 Bd6 15. Nc6 Qe8 16. f4 Ng4 17. h3 Nh6 18. Bxh7+ Kh8 19. Be4 f5 20. Bg2 Qh5 21. Bd2 Rf6 22.
Ne5 Bxe5 23. fxe5 Rg6 24. f3 Qxh3 25. Bxb4 Rb8 26. Ba3 Nb6 27. Rf2 Nd5 28. Re1 Qg3 29.
b3 f4 30. Bc1 Nf5 31. exf4 Nh4 32. Kf1 Rxb3 33. Qxb3 Nxg2 34. Qc2 Ngxf4 35. Rh2+ Kg8 36. Qf2 Qxf2+ 37. Rxf2 Nd3 38. Rd1 Nxf2 39. Kxf2 Kf7 40. Bd2 Ke7 41. Rb1 Kd7 42. Rb8 Kc6 43. a5 Ne7 44.
Ra8 Kb7 45. Re8 Nf5 46. Be3 Nh4 47. Rh8 Nf5 48. Re8 Nh4 49. Re7 Rg2+ 50. Kf1 Ra2 51.
Rxe6 Nxf3 52. Re7 Nh2+ 53. Ke1 Nf3+ 54. Kd1 g5 55. Rg7 Kc6 56. e6 Kd6 57. e7 Kd7 58. Rf7 g4 59. d5 Ne5 60. Rg7 g3 61. Bc5 Ra1+ 62. Ke2 1-0

[Event "*** Titled Tuesday Blitz"]
[Site "Chess.com"]
[Date "2019.02.05"]
[Round "10"]
[White "Shivagami"]
[Black "NemtsevIgor"]
[Result "1-0"]
[WhiteElo "2139"]
[BlackElo "2310"]
[TimeControl "180+2"]
[EndTime "15:30:10 PST"]
[Termination "Shivagami won by resignation"]

1. d4 c6 2. Bf4 d6 3. e3 g5 4. Bg3 h5 5. h3 Nd7 6. Nf3 Bh6 7. Nbd2 Nf8 8. Ne4 Ne6 9. c3 f5 10. Ned2 Nf6 11. Bd3 f4 12. Bg6+ Kf8 13. exf4 gxf4 14.
Bh4 Rg8 15. Bxf6 Rxg6 16. Bh4 Rxg2 17. Qc2 Ng7 18. Qh7 Nf5 19. O-O-O Rg7 20. Qh8+ Rg8 21. Qh7 Qe8 22. Rhg1 Qf7 23. Bxe7+ Nxe7 24. Qxh6+ Ke8 25. Ng5 Qg6 26. Qxg6+ Rxg6 27. Nde4 Bf5 28. f3 Kd7 29. Nh7 Bxh3 30. Nhf6+ Kc7 31. Nxh5 Rf8 32. Rxg6 Nxg6 33. Rg1 Nh4 34. Rg7+ Kb6 35. Nxd6 Nxf3 36. Rxb7+ Ka6 37. Rc7 Kb6 38. Rb7+ Ka6 39. Rf7 Rxf7 40. Nxf7 Nh4 41. Nxf4 Bf5 42. Kd2 Kb6 43. Ke3 Ng6 44. Nd6 Bb1 45.
Nxg6 Bxg6 46. Ne4 Bh5 47. Kf4 Bd1 48. Ke5 Bf3 49. Nc5 Bg2 50. Kd6 Bh1 51. c4 Bg2 52. d5 cxd5 53. cxd5 a5 54. Nd7+ Kb5 55. Ne5 a4 56.
Ke6 Bh3+ 57. Ke7 Kc5 58. d6 a3 59. bxa3 Kb5 60. d7 Bxd7 61. Kxd7 Ka4 62. Nc4 Kb5 63.
Kc7 Kxc4 64. Kb6 Kd5 65. a4 Kd6 66. a5 Kd7 67. Kb7 1-0

[Event "*** Titled Tuesday Blitz"]
[Site "Chess.com"]
[Date "2019.02.05"]
[Round "10"]
[White "justantan"]
[Black "Keaton87"]
[Result "1/2-1/2"]
[WhiteElo "2704"]
[BlackElo "2556"]
[TimeControl "180+2"]
[EndTime "15:30:15 PST"]
[Termination "Game drawn by agreement"]

1. e4 c5 2. Nf3 e6 3. d4 cxd4 4. Nxd4 a6 5. Bd3 Bc5 6. Nb3 Be7 7. Qg4 g6 8. Qe2 d6 9. O-O Nd7 10. a4 b6 11. Na3 Qc7 12. Nc4 Bb7 13. Bf4 Ne5 14.
Nxe5 dxe5 15. Be3 h5 16. f4 Nf6 17. fxe5 Ng4 18. Bf4 Nxe5 19. Kh1 Bf6 20. Nd2 Qd8 21. Rad1 O-O 22. Nf3 Nxf3 23. Rxf3 Bg7 24. Qf2 Bxe4 25. Rg3 Bxd3 26. Rgxd3 Qf6 27. c3 g5 28. Be3 Qxf2 29. Bxf2 b5 30. axb5 axb5 31. Bc5 Rfc8 32. Be7 Ra2 33. Bxg5 Rxb2 34. Bd2 Rc2 35. Rg3 Kh7 36.
Rg5 Bxc3 37. Bxc3 R8xc3 38. Rxh5+ Kg6 39. Rxb5 Rc1 40. Rg1 f5 41. h4 Kf6 42. Rb6 R1c2 43.
Re1 Rc6 44. Rb8 R2c4 45. g3 Rc2 46. Rh8 Rd2 47. Rh6+ Kf7 48. Rh7+ Kg6 49. Re7 Kf6 50. Rh7 Kg6 51. Re7 Kf6 52. Rh7 Rb2 53. Rh6+ Kf7 54.
Rh7+ Kg6 55. Re7 Kf6 56. Rh7 Kg6 57. Re7 Kf6 58. Rh7 Ra2 59. h5 Kg5 60. h6 Rcc2 61. Rg7+ Kxh6 62. Re7 Kg5 63. R7xe6 Kg4 64. Rg6+ Kf3 65.
Rf1+ Rf2 66. Rxf2+ Rxf2 67. Rg5 Ra2 68. Rxf5+ Kxg3 69. Rg5+ Kh3 1/2-1/2

[Event "*** Titled Tuesday Blitz"]
[Site "Chess.com"]
[Date "2019.02.05"]
[Round "10"]
[White "GMBenjaminBok"]
[Black "HomayoonTofighi"]
[Result "1-0"]
[WhiteElo "2884"]
[BlackElo "2767"]
[TimeControl "180+2"]
[EndTime "15:30:21 PST"]
[Termination "GMBenjaminBok won by resignation"]

1. Nf3 Nf6 2. c4 g6 3. g3 Bg7 4.
Bg2 O-O 5. d4 d6 6. Nc3 Nc6 7.
O-O a6 8. b3 Rb8 9. d5 Na5 10.
Bg5 c5 11. dxc6 Nxc6 12. Rc1 Bd7 13. Qd2 b5 14. cxb5 axb5 15. Rfd1 Re8 16. Ne1 b4 17. Bxf6 Bxf6 18. Nd5 Bg7 19. Nd3 Qa5 20. Rc4 e6 21. N5xb4 Nxb4 22. Rxb4 Qa3 23. Rxb8 Rxb8 24. Rc1 d5 25. Rc7 Bb5 26. Rxf7 Bxd3 27. exd3 Kxf7 28. Qf4+ Bf6 29. Qc7+ Be7 30. Qxb8 Qxa2 31. Qb5 Qc2 32. Bh3 Bc5 33. Qd7+ Kf8 34. Qd8+ Kg7 35. Qc7+ Kf6 36. Qf4+ Ke7 37. Kg2 Bb6 38. d4 Qb2 39. Qe3 Qxd4 40. Qxe6+ Kf8 41. Qe2 Qc5 42. Be6 Kg7 43. Qf3 Qe7 44.
Bxd5 Bc5 45. h4 Bb6 46. h5 gxh5 47. Qxh5 Qf6 48. Qg4+ Kh6 49. Qe6 Qxe6 50. Bxe6 Kg5 51. f4+ Kf6 52. Bg4 h6 53. Be2 Ba5 54. Kf3 Be1 55.
g4 Bd2 56. Ke4 Ba5 57. Bd3 Bd2 58. Bc2 Ke6 59. f5+ Kd6 60. Kd4 Bg5 61. b4 Bf6+ 62.
Kc4 Bd8 63. Kb5 Kc7 64. Ka6 Bf6 65. b5 Bd4 66. Be4 Kb8 67. b6 Bf6 68. Kb5 Bd8 69. Kc6 Kc8 70. b7+ Kb8 71. Kd7 1-0

[Event "*** Titled Tuesday Blitz"]
[Site "Chess.com"]
[Date "2019.02.05"]
[Round "10"]
[White "Manukyan_Artak"]
[Black "snowlord"]
[Result "1/2-1/2"]
[WhiteElo "2398"]
[BlackElo "2692"]
[TimeControl "180+2"]
[EndTime "15:30:31 PST"]
[Termination "Game drawn - insufficient material"]

1. e4 c5 2. Nf3 d6 3. Bb5+ Bd7 4. Bxd7+ Nxd7 5. c4 Ngf6 6. Nc3 Rc8 7. O-O Ne5 8.
d3 Nxf3+ 9. Qxf3 Nd7 10. Bf4 g6 11. Nd5 Bg7 12. Bg5 f6 13. Bf4 O-O 14. Qh3 f5 15. exf5 Rxf5 16. Rfe1 e5 17. Bd2 Qe8 18. Re2 Nb6 19.
Ne3 Rf7 20. Rae1 Qd7 21. Qxd7 Rxd7 22. b3 Rf8 23. Ba5 Nc8 24. Nd5 Ne7 25. Nxe7+ Rxe7 26. f3 Bh6 27. Bd2 Bxd2 28. Rxd2 Rf4 29. Re4 Ref7 30.
Rxf4 Rxf4 31. Kf2 g5 32. h3 h5 33. Rb2 b6 34. b4 g4 35. hxg4 hxg4 36. b5 Kf7 37. a4 gxf3 38. gxf3 d5 39. Rc2 Ke6 40. Ke3 Rh4 41. a5 bxa5 42. cxd5+ Kxd5 43. Rg2 Rb4 44. Rg7 Rxb5 45. Rxa7 Kd6 46. Ra6+ Kd5 47.
Ra8 c4 48. Rd8+ Kc5 49. Rc8+ Kb4 50. Rxc4+ Kb3 51. Rc1 Kb2 52. Rc4 Kb3 53. Rc1 Ka3 54. f4 a4 55. fxe5 Rxe5+ 56. Kd4 Re8 57. Rc7 Rb8 58.
Ra7 Kb3 59. Ke5 Re8+ 60. Kf4 Rd8 61. Ke4 a3 62. d4 Rb8 63. Ke5 a2 64. d5 Rb4 65.
Rxa2 Kxa2 66. d6 Kb3 67. d7 Rb8 68. Kd6 Kc4 69. Kc7 Rg8 70. d8=Q Rxd8 71. Kxd8 1/2-1/2

[Event "*** Titled Tuesday Blitz"]
[Site "Chess.com"]
[Date "2019.02.05"]
[Round "10"]
[White "TheBigBadChessDad"]
[Black "Feegus"]
[Result "1-0"]
[WhiteElo "2299"]
[BlackElo "2363"]
[TimeControl "180+2"]
[EndTime "15:30:40 PST"]
[Termination "TheBigBadChessDad won by resignation"]

1. d4 Nf6 2. Nf3 g6 3. Bg5 Bg7 4. Nbd2 d5 5. e3 O-O 6. Be2 c5 7. c3 Nc6 8. O-O Ne4 9. Bf4 Bf5 10. h3 Re8 11. Bh2 e5 12. dxe5 Nxe5 13. Bxe5 Bxe5 14.
Nxe4 Bxe4 15. Nxe5 Rxe5 16. Bf3 Qb6 17. Bxe4 dxe4 18.
Qb3 Rd8 19. Rfd1 Ree8 20. Qxb6 axb6 21. Kf1 Rd3 22. Rxd3 exd3 23. c4 Rd8 24. Ke1 f5 25. Kd2 Kf7 26. a4 Ke6 27. Ra3 Ra8 28. Kxd3 Ke5 29. f4+ Kd6 30. b3 g5 31. Ra2 gxf4 32. exf4 Rg8 33. Rd2 Rg3+ 34. Kc2+ Ke6 35. Kb2 h5 36. Ka2 h4 37. Rb2 Kd6 38. Kb1 Rc3 39. Rd2+ Ke6 40. Kb2 Rg3 41. Ka3 Rg8 42. Re2+ Kf6 43.
Rb2 Rg3 44. a5 bxa5 45. Ka4 Rd3 46. Kxa5 Rd4 47. Rf2 Ke6 48. Kb6 Rd3 49. Rf3 Rd2 50. Kxc5 Rxg2 51. Re3+ Kd7 52. Re5 Rg3 53. b4 Rxh3 54.
Rxf5 Rf3 55. Rf7+ Kc8 56. b5 h3 57. b6 Kd8 58. Rxb7 Rxf4 59. Rh7 Rf5+ 60. Kb4 Rf1 61.
Rxh3 Kd7 62. Rh6 Rf5 63. c5 Rf1 64. Rh7+ Kc6 65. Rc7+ Kd5 66. Kb5 Rb1+ 67. Ka6 Ra1+ 68. Kb7 Rb1 69. c6 Kd6 70. Rd7+ Kc5 71. c7 Rxb6+ 72.
Kc8 Rh6 73. Rg7 Kc6 74. Kb8 Rh8+ 75. c8=Q+ Rxc8+ 76. Kxc8 1-0

[Event "*** Titled Tuesday Blitz"]
[Site "Chess.com"]
[Date "2019.02.05"]
[Round "10"]
[White "mouseWLZ"]
[Black "gmcorrales"]
[Result "0-1"]
[WhiteElo "2487"]
[BlackElo "2768"]
[TimeControl "180+2"]
[EndTime "15:30:44 PST"]
[Termination "gmcorrales won by resignation"]

1. e4 c5 2. Nf3 d6 3. d4 cxd4 4. Nxd4 Nf6 5. f3 Nc6 6. c4 e6 7. Nc3 Be7 8. Be3 O-O 9. Be2 d5 10. cxd5 exd5 11. exd5 Nxd5 12. Nxc6 bxc6 13. Nxd5 cxd5 14.
O-O Bf6 15. Bd4 Re8 16. Bb5 Re6 17. Bxf6 Rxf6 18. Kh1 Rb8 19. Ba4 Rh6 20. Qe1 Be6 21.
Qg3 Rb4 22. Bb3 Rbh4 23. Rfd1 Rg6 24. Qf2 Qg5 25. Rac1 Rgh6 26. g3 Rxh2+ 27. Qxh2 Qxg3 28. Qxh6 Qxf3+ 29. Kg1 gxh6 30. Rc3 Qg4+ 31. Kf2 Kf8 32. Rf3 Qh4+ 33. Rg3 Qh2+ 34. Rg2 Qf4+ 35. Kg1 Bh3 36. Bxd5 Bxg2 37. Bxg2 h5 38. Rd3 Qc1+ 39. Kh2 Qxb2 40. a3 Qe5+ 41. Kg1 h4 42. Rf3 Kg7 43. Rh3 Kh6 44.
Rxh4+ Kg5 45. Rh3 h5 46. Rf3 f5 47. Rh3 f4 48. Rd3 Qe1+ 49. Kh2 h4 50. Rb3 a5 51.
Rd3 Kf6 52. Rf3 Ke5 53. Rd3 a4 54. Rd5+ Kf6 55. Rd6+ Kf5 56. Rd5+ Ke6 57. Rd3 Qe2 58. Rf3 Ke5 59. Rh3 Qb2 60. Rd3 Qb3 61. Rf3 Qd1 62. Rh3 Qe2 63. Rf3 Qd2 64. Rh3 Kd4 65. Rf3 Qe3 66.
Kh1 Kc3 67. Kh2 Kb3 68. Kh3 Kxa3 69. Kxh4 Kb2 70. Rxe3 fxe3 71. Kg3 Kc3 72. Bf1 a3 73. Kf3 a2 74. Kxe3 a1=Q 0-1